 Dungeon Crawl Stone Soup version 0.20.1-1-g8b1a95d (webtiles) character file.

50 cochise the Cudgeler (level 3, -2/33 HPs)
             Began as a Minotaur Monk on Oct 4, 2017.
             Killed from afar by Natasha (9 damage)
             ... with a magic dart
             ... on level 2 of the Dungeon.
             The game lasted 00:05:43 (1193 turns).

cochise the Cudgeler (Minotaur Monk)                Turns: 1193, Time: 00:05:44

Health: -2/33      AC: 10    Str: 16    XL:     3   Next: 55%
Magic:  2/2        EV:  7    Int:  7    God:
Gold:   62         SH:  3    Dex: 12    Spells: 2/2 levels left

rFire    . . .     SeeInvis .   a - +0 mace
rCold    . . .     Gourm    .   b - +0 buckler
rNeg     . . .     Faith    .   h - +0 chain mail
rPois    .         Spirit   .   (helmet restricted)
rElec    .         Reflect  .   (no cloak)
rCorr    .         Harm     .   g - +1 pair of gloves
MR       .....                  (no boots)
Stlth    ..........             (no amulet)
Regen    0.2/turn               (no ring)
MPRegen  0.1/turn               (no ring)

@: slowed, very slow
A: retaliatory headbutt, horns 2
a: no special abilities


You were on level 2 of the Dungeon.
You were not hungry.

You visited 1 branch of the dungeon, and saw 2 of its levels.

You collected 62 gold pieces.

Inventory:

Hand Weapons
 a - a +0 mace (weapon)
Missiles
 i - 4 tomahawks (quivered)
Armour
 b - a +0 buckler (worn)
 g - a +1 pair of gloves (worn)
 h - a +0 chain mail (worn)
Jewellery
 j - an uncursed ring of protection from cold {unknown}
Scrolls
 d - a scroll of magic mapping {unknown}
 l - 2 scrolls of noise {unknown}
 n - a scroll of identify {unknown}
Potions
 e - a potion of invisibility {unknown}
 k - a potion of curing {unknown}
 m - a potion of experience {unknown}
 o - a potion of mutation {unknown}
 p - 2 potions of brilliance {unknown}
Comestibles
 c - 2 bread rations
 f - 2 royal jellies


   Skills:
 + Level 4.1 Fighting
 * Level 4.8 Maces & Flails
 + Level 1.4 Armour
 - Level 3.2 Dodging
 - Level 1.5 Stealth


You had 2 spell levels left.
You didn't know any spells.

Dungeon Overview and Level Annotations

Branches:
Dungeon (2/15)

Altars:

Annotations:
D:2 Natasha


Innate Abilities, Weirdness & Mutations

You reflexively headbutt those who attack you in melee.
You have a pair of horns on your head.


Message History

The shadow imp closely misses you.
You closely miss the shadow imp.
The shadow imp is heavily wounded.
The shadow imp hits you. The worm bites you.
* * * LOW HITPOINT WARNING * * *
You hit the shadow imp.
The shadow imp is severely wounded.
Natasha hisses.
You block the shadow imp's attack. The worm closely misses you.
You furiously retaliate!
You headbutt the worm.
The shadow imp hits you but does no damage.
Natasha casts a spell.
The shadow imp hits you but does no damage.
The white imp shouts, "Quit, thou mangled tickle-brained baggage!"
The shadow imp barely misses you. You furiously retaliate!
You headbutt the shadow imp!
You kill the shadow imp!
Natasha casts a spell at you. The magic dart hits you!
You die...

.PP.###.#.##..#.#..##.#
...####.#.##...........
.♣.#.##.............# #
####.#...####.#.....#.##
###.#.#.# #.#.........
#.....#.# #.##...####.
##.###.#># #.###.##
...###♣.♣#♣#♣.♣#♣.#####.##
##[##...........@.........
#....♣>♣#♣#♣.♣#♣.#####.##
###.##.#####.# #.#
#..#....##.###h#
##.####.#....5w# #.#
##.#####..# #(###.##
##.....# #.##.## ##...##
#.#..# ...#


You could see a worm and Natasha.

Vanquished Creatures
  Natasha (D:2)
  2 dart slugs (D:1)
  3 giant cockroaches
  3 goblins (D:1)
  A hobgoblin (D:2)
  3 kobolds (D:1)
  5 bats
  4 frilled lizards
  2 rats (D:2)
24 creatures vanquished.

Notes
Turn   | Place    | Note
-------+----------+-------------------------------------------
     0 | D:1      | cochise the Minotaur Monk began the quest for the Orb.
     0 | D:1      | Reached XP level 1. HP: 19/19 MP: 0/0
   156 | D:1      | Reached XP level 2. HP: 27/27 MP: 1/1
   729 | D:2      | Noticed Natasha
   735 | D:2      | Killed Natasha
   735 | D:2      | Reached skill level 1 in Armour
   735 | D:2      | Reached XP level 3. HP: 22/33 MP: 2/2
  1131 | D:2      | Found a faded altar of an unknown god.
  1179 | D:2      | Noticed Natasha
  1193 | D:2      | Killed from afar by Natasha

Skill      XL: |  1  2 |
---------------+-------+-----
Maces & Flails | 4 |  4.8
Fighting       | 4 |  4.1
Armour         | 1 |  1.4
Dodging        | |  3.2
Stealth        | |  1.5

Action                   || total
-------------------------++-------
Melee: Mace              ||    59
       Headbutt          ||     5
  Eat: Chunk             ||     1
Armor: Scale mail        ||     8
       Chain mail        ||    20
Dodge: Dodged            ||    34
Block: Buckler           ||     9
